 Dungeon Crawl Stone Soup version 0.18-a0-750-g37044d6 (webtiles) character file.

28 MrBudgens the Charmwright (level 3, -3/27 HPs)
             Began as a Human Skald on Dec 12, 2015.
             Killed from afar by Sigmund (4 damage)
             ... with a wand of magic darts
             ... on level 3 of the Dungeon.
             The game lasted 00:07:06 (636 turns).

MrBudgens the Charmwright (Human Skald)              Turns: 636, Time: 00:07:06

Health: -3/27      AC:  3    Str: 12    XL:     3   Next: 30%
Magic:  6/6        EV: 11    Int: 12    God:
Gold:   34         SH:  0    Dex: 13    Spells: 1 memorised, 5 levels left

rFire  . . .     SeeInvis .     a - +0 spear
rCold  . . .     Clarity  .     b - +0 leather armour
rNeg   . . .     SustAt   .     (no shield)
rPois  .         Gourm    .     (no helmet)
rElec  .         Spirit   .     (no cloak)
rCorr  .         Dismiss  .     (no gloves)
rMut   .         Stasis   .     (no boots)
MR     .....                    (no amulet)
Stlth  +.........               (no ring)
                                (no ring)

@: infused (expiring), not resistant to hostile enchantments, very unstealthy
A: no striking features
a: no special abilities


You were on level 3 of the Dungeon.
You were not hungry.

You visited 1 branch of the dungeon, and saw 3 of its levels.

You collected 34 gold pieces.

Inventory:

Hand Weapons
 a - a +0 spear (weapon)
 g - a +0 dagger
 h - a +0 short sword of venom
 i - a +0 short sword
 l - a +0 dagger
Armour
 b - a +0 leather armour (worn)
 e - a +0 buckler
Scrolls
 f - a scroll of identify {unknown}
 k - a scroll of remove curse {unknown}
 m - a scroll of blinking {unknown}
Potions
 n - a potion of agility {unknown}
Books
 c - a book of Battle

   Spells                             Type                      Level
   a - Infusion                       Charms                       1
   b - Shroud of Golubria             Charms/Translocation         2
   c - Song of Slaying                Charms                       2
   d - Spectral Weapon                Hexes/Charms                 3
   e - Regeneration                   Charms/Necromancy            3
Comestibles
 d - 3 bread rations
 j - a royal jelly
 o - a meat ration


   Skills:
 + Level 2.2 Fighting
 + Level 2.2 Polearms
 + Level 1.1 Armour
 + Level 1.3 Dodging
 + Level 0.2 Stealth
 + Level 2.2 Spellcasting
 + Level 3.4 Charms


You had 5 spell levels left.
You knew the following spells:

 Your Spells              Type           Power        Failure   Level  Hunger
a - Infusion              Chrm           #.....       12%         1    ##.....


Dungeon Overview and Level Annotations

Branches:
Dungeon (3/15)

Altars:

Annotations:
D:3 Sigmund


Message History

The puff of flame misses you.
Casting: Infusion
Confirm with . or Enter, or press ? or * to list all spells.
You begin infusing your attacks with magical energy.
Sigmund casts a spell at you. The puff of flame hits you!
Sigmund gestures at you while chanting. You resist with significant effort.
You closely miss Sigmund. Sigmund hits you with a scythe!
* * * LOW HITPOINT WARNING * * *
Sigmund points at you and mumbles some strange words.
The magic dart hits you!
* * * LOW HITPOINT WARNING * * *
Your magical infusion is running out.
Found 2 fizzy dark potions.
A giant cockroach comes into view.
Found a meat ration.
The giant cockroach bites you but does no damage.
Sigmund zaps a wand.
The magic dart hits you!
You die...

.# #.# ##.# .# #.#
##....# .# ###.#
.....### .. ..#.#
......% ## #.#.#
....# .. #.#.# ...#
.. #.#.######.### #.
#..w@.....s..###.#
..
#...######@.......
#.#......###.#!###.#
#...w.......# #
#.##.##.....<#
#.............#
#.##.##.....##. ..
..........#
...#.##.########
.... #..


You could see Sigmund, a worm and a giant cockroach.

Vanquished Creatures
  A giant gecko (D:1)
  3 bats
  2 giant cockroaches (D:1)
  3 goblins
  3 hobgoblins (D:1)
  3 jackals (D:1)
  3 kobolds (D:1)
  A ball python (D:1)
  4 rats (D:1)
23 creatures vanquished.

Vanquished Creatures (others)
  A plant (D:3)
1 creature vanquished.

Grand Total: 24 creatures vanquished

Notes
Turn   | Place    | Note
--------------------------------------------------------------
     0 | D:1      | MrBudgens the Human Skald began the quest for the Orb.
     0 | D:1      | Reached XP level 1. HP: 16/16 MP: 3/3
   157 | D:1      | Reached XP level 2. HP: 19/22 MP: 0/5
   317 | D:1      | Reached XP level 3. HP: 12/27 MP: 6/6
   619 | D:3      | Noticed Sigmund
   627 | D:3      | HP: 1/27 [Sigmund/magic dart (4)]
   636 | D:3      | Killed from afar by Sigmund

Vault maps used:
D:1:      minmay_arrival_jagged, corexii_hall_statues_x,
          minmay_shallow_snake_nest
D:2:      kiku_gazebo_garden_becter, ecumenical_altar_1, hex_medium
D:3:      first_bread, st_stairs_1, serial_bayou_lagoon_a,
          kennysheep_jessica_study, uniq_crazy_yiuf_cottage, uniq_iyjb,
          uniq_sigmund

Action                   || total
-------------------------++-------
Melee: Spear             ||    68
 Cast: Infusion          ||     7
 Stab: Sleeping          ||     1
